 Dungeon Crawl Stone Soup version 0.31.0-11-ge490571c62 (webtiles) character file.

Game seed: 3023685731020218643

9732 qw the Nimble (level 11, -5/55 HPs)
             Began as a Spriggan Hunter on Feb 3, 2024.
             Was a High Priest of Okawaru.
             Killed from afar by an electric eel (10 damage)
             ... with a bolt of electricity
             ... on level 11 of the Dungeon.
             The game lasted 00:02:06 (8524 turns).

qw the Nimble (Spriggan Hunter)                     Turns: 8524, Time: 00:02:07

Health: -5/55      AC:  7    Str:  7    XL:     11   Next: 26%
Magic:  16/16      EV: 31    Int: 10    God:    Okawaru [*****.]
Gold:   192        SH:  0    Dex: 24    Spells: 10/10 levels left

rFire   . . .        h - +1 orcbow (heavy)
rCold   . . .        (shield currently unavailable)
rNeg    + . .        j - +2 steam dragon scales
rPois   .            (helmet restricted)
rElec   .            (no cloak)
rCorr   .            (gloves unavailable)
SInv    +            (boots unavailable)
Will    ++...        (no amulet)
Stlth   ++           Y - ring of positive energy
HPRegen 0.29/turn    o - ring of willpower
MPRegen 0.15/turn

%: no passive effects
@: about to teleport, very quick
A: very small, no large weapons, unfitting armour, see invisible, speed 3
a: Renounce Religion, Heroism, Finesse, Duel


You were on level 11 of the Dungeon.
You worshipped Okawaru.
Okawaru was extremely pleased with you.
You visited 1 branch of the dungeon, and saw 11 of its levels.

You collected 699 gold pieces.
You spent 507 gold pieces at shops.


Innate Abilities, Weirdness & Mutations

You are very small and have problems with some larger weapons.
You are too small for most types of armour.
You have supernaturally acute eyesight. (SInv)
You cover ground extremely quickly. (Speed+++)


   Skills:
 - Level 5.0 Fighting
 + Level 12.7 Ranged Weapons
 - Level 1.0 Armour
 - Level 13.1 Dodging
 - Level 1.5 Stealth
 + Level 5.7 Invocations


You had 10 spell levels left.
You didn't know any spells.
Your spell library was empty.

Inventory:

Hand Weapons
 h - a +1 heavy orcbow (weapon)
Armour
 g - a +1 robe of fire resistance
 j - +2 steam dragon scales (worn)
Jewellery
 a - a ring of positive energy
 o - a ring of willpower (right hand)
 p - an amulet of guardian spirit
 Y - a ring of positive energy (left hand)
Wands
 d - a wand of mindburst (17)
 f - a wand of roots (12)
 q - a wand of paralysis (10)
Potions
 e - a potion of cancellation
 i - 5 potions of curing
 k - 2 potions of might
 l - 4 potions of mutation
 n - a potion of ambrosia {unknown}

Dungeon Overview and Level Annotations

Branches:
Dungeon (11/15)            Temple (0/1) D:6
   Lair: D:8-11         Orc: D:9-12

Altars:
Elyvilon
Makhleb
Okawaru
Sif Muna
Trog
Uskayaw
Xom

Shops:
D:1 !   D:5 :   D:6 ?   D:7 =

Portals:
Sewer: D:6

Annotations:
D:3 1 runed translucent door, Crazy Yiuf
D:11 exclusion: 2 electric eels


Message History

Okawaru accepts your kill.
You can now enter into single combat with a foe.
Okawaru will now gift you throwing weapons as you gain piety.
You see here a yak corpse.
A gargoyle comes into view. It is wielding a +0 morningstar.
Found a stone staircase leading down.
You shoot an arrow.
The arrow hits the gargoyle but does no damage.
You shoot an arrow. The arrow hits the gargoyle!
The gargoyle is heavily damaged.
You shoot an arrow. The arrow hits the gargoyle!
You destroy the gargoyle!
Okawaru is honoured by your kill.
Found a scroll of revelation.
Found a stone staircase leading up. 2 electric eels come into view.
You shoot an arrow.
The arrow closely misses the electric eel.
The electric eel shoots out a bolt of lightning at you!
The bolt of electricity hits you!
The electric eel shoots out a bolt of lightning at you!
The bolt of electricity hits you!
The electric eel shoots out a bolt of lightning at you!
The bolt of electricity hits you!
You shoot an arrow.
The arrow barely misses the electric eel.
You shoot an arrow. The arrow misses the electric eel.
The electric eel shoots out a bolt of lightning at you!
The bolt of electricity hits you!
The electric eel shoots out a bolt of lightning at you!
The bolt of electricity hits you.
The electric eel shoots out a bolt of lightning at you!
The bolt of electricity hits you!
The electric eel shoots out a bolt of lightning at you!
The bolt of electricity misses you.
8524 ||| READING scroll of teleportation.
As you read the scroll of teleportation, it crumbles to dust.
You feel strangely unstable.
The electric eel shoots out a bolt of lightning at you!
The bolt of electricity hits you!
You die...

#..)###.#####.#
#####...###.#
............#
.#####..#####
#..# . #..######
#.#######........
#................
.<......@....####
#?..|$.......#
#~~~../.........
~~~~~.....######
~~~~~~###.#
~~~S~~ #.# ~~~~~~
#.# ~~~~S .#
~~~~~


You could see 2 electric eels.

Vanquished Creatures
  2 two-headed ogres
  A cyclops (D:10)
  A gargoyle (D:11)
  An unseen horror (D:10)
  Maggie (D:7)
  2 hornets
  Sigmund (D:3)
  3 slime creatures (D:9)
  15 yaks
  Menkaure (D:5)
  2 acid dragons
  2 water moccasins
  A black bear (D:4)
  6 orc warriors
  2 ice beasts
  A sky beast (D:7)
  2 ogres
  2 centaurs
  2 kobold brigands
  4 bullfrogs
  4 scorpions
  5 wights (D:9)
  10 killer bees
  5 howler monkeys
  2 bombardier beetles
  3 jellies
  2 orc priests (D:10)
  4 hounds
  Jessica (D:3)
  3 iguanas
  9 orc wizards
  Robin (D:4)
  8 gnolls
  5 adders
  2 white imps (D:7)
  2 ufetubi (D:6)
  2 dart slugs
  2 ribbon worms
  31 orcs
  6 bats
  12 endoplasms
  2 giant cockroaches (D:1)
  8 goblins
  9 hobgoblins
  2 jackals (D:4)
  5 quokkas
  4 ball pythons
  3 frilled lizards
  17 kobolds
  4 rats
225 creatures vanquished.

Vanquished Creatures (others)
  An arcanist (D:4)
1 creature vanquished.

Grand Total: 226 creatures vanquished

Notes
Turn   | Place    | Note
-------+----------+-------------------------------------------
     0 | D:1      | qw the Spriggan Hunter began the quest for the Orb.
     0 | D:1      | Reached XP level 1. HP: 10/10 MP: 2/2
     0 | D:1      | 0 ||| qw: Version: 0.3-a-155-g5e7d8dd
     0 | D:1      | 0 ||| qw: Game counter: 3434
     0 | D:1      | 0 ||| qw: Melee chars always use a shield: true
     0 | D:1      | 0 ||| qw: God list: Okawaru
     0 | D:1      | 0 ||| qw: Allow faded altars: false
     0 | D:1      | 0 ||| qw: Do Orc after clearing Dungeon:15 true
     0 | D:1      | 0 ||| qw: Do second Lair branch before Depths: true
     0 | D:1      | 0 ||| qw: Lair rune preference: random
     0 | D:1      | 0 ||| qw: Goals: Normal
     0 | D:1      | 0 ||| PLANNING D:1-11
    44 | D:1      | Reached skill level 3 in Dodging
    95 | D:1      | Reached XP level 2. HP: 13/14 MP: 3/3
   159 | D:1      | Reached skill level 4 in Dodging
   252 | D:1      | 252 ||| DROPPING +0 sling of flaming.
   323 | D:1      | Reached XP level 3. HP: 18/18 MP: 4/4
   329 | D:1      | Found Fasil's Distillery.
   344 | D:1      | 344 ||| BUYING potion of curing (39 gold).
   344 | D:1      | Bought a potion of curing for 39 gold pieces
   344 | D:1      | 344 ||| SHOPLISTING potion of curing (39 gold, have 23).
   344 | D:1      | 344 ||| SHOPLISTING potion of enlightenment (65 gold, have
                  | 23).
   344 | D:1      | 344 ||| SHOPLISTING potion of heal wounds (65 gold, have
                  | 23).
   638 | D:1      | 638 ||| UPGRADING to ring of positive energy.
   639 | D:1      | 639 ||| READING 3 scrolls labelled MURIXI FIOCVE.
   639 | D:1      | 639 ||| IDENTIFYING brown potion
   640 | D:1      | 640 ||| READING 2 scrolls of identify.
   640 | D:1      | 640 ||| IDENTIFYING sedimented red potion
   641 | D:1      | 641 ||| READING scroll of identify.
   641 | D:1      | 641 ||| IDENTIFYING scroll labelled NOBBYN HIUPOEZ
   642 | D:1      | 642 ||| READING 2 scrolls labelled NEOGEH LAHEGE.
   646 | D:1      | 646 ||| READING scroll labelled HIDIFA LIEFU.
   647 | D:1      | 647 ||| READING scroll labelled KUMNIELIMU.
   648 | D:1      | 648 ||| READING scroll labelled QYLUNU OZXES.
   648 | D:1      | 648 ||| ENCHANTING +0 shortbow.
   649 | D:1      | 649 ||| DROPPING scroll of butterflies.
   650 | D:1      | 650 ||| DROPPING scroll of blinking.
   651 | D:1      | 651 ||| DROPPING potion of attraction.
   653 | D:1      | 653 ||| Stepping ~*~*~tactically~*~*~ (cloud).
   654 | D:1      | 654 ||| DRINKING 2 potions of curing.
   654 | D:1      | 654 ||| (to cure poison)
   671 | D:2      | 671 ||| STAIRDANCE
   675 | D:2      | 675 ||| STAIRDANCE
   897 | D:2      | Reached XP level 4. HP: 22/22 MP: 5/5
  1211 | D:3      | 1211 ||| RETREEEEATING.
  1212 | D:3      | 1212 ||| RETREEEEATING.
  1213 | D:3      | 1213 ||| RETREEEEATING.
  1214 | D:3      | 1214 ||| RETREEEEATING.
  1278 | D:3      | Reached skill level 5 in Dodging
  1284 | D:3      | HP: 5/23 [gnoll/+0 halberd (10)]
  1285 | D:3      | 1285 ||| READING 2 scrolls of teleportation.
  1293 | D:3      | HP: 4/23 [orc/+0 hand axe (4)]
  1294 | D:3      | Reached XP level 5. HP: 4/26 MP: 6/6
  1294 | D:3      | 1294 ||| READING scroll of teleportation.
  1586 | D:3      | Found a faded altar of an unknown god.
  1600 | D:3      | Noticed Sigmund
  1605 | D:3      | 1605 ||| DRINKING potion of haste.
  1616 | D:3      | Killed Sigmund
  1617 | D:3      | Reached skill level 6 in Ranged Weapons
  1617 | D:3      | Reached XP level 6. HP: 10/30 MP: 7/7
  1903 | D:3      | Found a runed translucent door.
  1904 | D:3      | Noticed Crazy Yiuf
  1949 | D:3      | Noticed Jessica
  1950 | D:3      | Killed Jessica
  2019 | D:3      | 2019 ||| UPGRADING to +0 robe of fire resistance.
  2029 | D:3      | 2029 ||| DROPPING +0 robe.
  2030 | D:3      | 2030 ||| READING scroll of identify.
  2030 | D:3      | 2030 ||| IDENTIFYING scroll labelled FIQUINN IGERPH
  2031 | D:3      | 2031 ||| READING scroll labelled TOESOR FERAU.
  2032 | D:3      | 2032 ||| READING scroll labelled TIG VIJUIK.
  2033 | D:3      | 2033 ||| DROPPING scroll of immolation.
  2066 | D:4      | Noticed an ice beast
  2076 | D:4      | Killed an ice beast
  2077 | D:4      | Reached skill level 6 in Dodging
  2197 | D:4      | Found a bloodstained altar of Trog.
  2199 | D:4      | Noticed a wizard
  2206 | D:4      | Killed a wizard
  2272 | D:4      | Reached XP level 7. HP: 33/35 MP: 8/8
  2610 | D:4      | Reached skill level 7 in Dodging
  2757 | D:4      | Noticed Robin
  2769 | D:4      | Killed Robin
  2770 | D:4      | 2770 ||| FLEEEEING.
  2771 | D:4      | 2771 ||| FLEEEEING.
  2772 | D:4      | 2772 ||| FLEEEEING.
  2773 | D:4      | 2773 ||| FLEEEEING.
  2774 | D:4      | 2774 ||| FLEEEEING.
  2775 | D:4      | 2775 ||| FLEEEEING.
  2776 | D:4      | 2776 ||| FLEEEEING.
  2777 | D:4      | 2777 ||| FLEEEEING.
  2781 | D:4      | 2781 ||| FLEEEEING.
  2783 | D:4      | 2783 ||| FLEEEEING.
  2784 | D:4      | 2784 ||| FLEEEEING.
  2785 | D:4      | 2785 ||| FLEEEEING.
  2786 | D:4      | 2786 ||| FLEEEEING.
  2787 | D:4      | 2787 ||| FLEEEEING.
  2788 | D:4      | 2788 ||| FLEEEEING.
  2789 | D:4      | 2789 ||| FLEEEEING.
  2790 | D:4      | 2790 ||| FLEEEEING.
  2791 | D:4      | 2791 ||| FLEEEEING.
  2792 | D:4      | 2792 ||| FLEEEEING.
  2793 | D:4      | 2793 ||| FLEEEEING.
  2794 | D:4      | 2794 ||| FLEEEEING.
  2795 | D:4      | 2795 ||| FLEEEEING.
  2796 | D:4      | 2796 ||| FLEEEEING.
  2802 | D:4      | 2802 ||| FLEEEEING.
  2803 | D:4      | 2803 ||| FLEEEEING.
  2804 | D:4      | 2804 ||| FLEEEEING.
  2867 | D:4      | 2867 ||| READING scroll of identify.
  2867 | D:4      | 2867 ||| IDENTIFYING viscous ruby potion
  2868 | D:4      | 2868 ||| READING 2 scrolls labelled YZXUIJ ZOCAP.
  2869 | D:4      | 2869 ||| DROPPING scroll of fear.
  2895 | D:5      | Entered Level 5 of the Dungeon
  2895 | D:5      | Noticed Menkaure
  2900 | D:5      | 2900 ||| STAIRDANCE
  3040 | D:5      | 3040 ||| FLEEEEING.
  3041 | D:5      | 3041 ||| FLEEEEING.
  3042 | D:5      | 3042 ||| FLEEEEING.
  3043 | D:5      | 3043 ||| FLEEEEING.
  3044 | D:5      | 3044 ||| FLEEEEING.
  3045 | D:5      | 3045 ||| STAIRDANCE
  3096 | D:5      | 3096 ||| STAIRDANCE
  3183 | D:5      | 3183 ||| STAIRDANCE
  3193 | D:5      | 3193 ||| STAIRDANCE
  3209 | D:5      | 3209 ||| STAIRDANCE
  3237 | D:5      | Killed Menkaure
  3238 | D:5      | Reached XP level 8. HP: 39/39 MP: 9/9
  3262 | D:5      | Reached skill level 8 in Dodging
  3375 | D:5      | 3375 ||| FLEEEEING.
  3376 | D:5      | 3376 ||| FLEEEEING.
  3386 | D:5      | Reached skill level 3 in Fighting
  3505 | D:5      | Found a white marble altar of Elyvilon.
  3506 | D:5      | 3506 ||| SWAPPING to +0 orcbow.
  3507 | D:5      | 3507 ||| DROPPING +1 shortbow.
  3632 | D:5      | Found Qufav's Book Boutique.
  3767 | D:5      | 3767 ||| UPGRADING to ring of positive energy.
  3768 | D:5      | 3768 ||| READING scroll of identify.
  3768 | D:5      | 3768 ||| IDENTIFYING fizzy emerald potion
  3769 | D:5      | 3769 ||| READING scroll labelled VIYPRO WUODE.
  3825 | D:5      | 3825 ||| READING scroll labelled UGAGHUEGRE.
  3825 | D:5      | 3825 ||| BRANDING +0 orcbow.
  3826 | D:5      | 3826 ||| DROPPING potion of magic.
  3849 | D:6      | 3849 ||| PLANNING SEWER
  4083 | D:6      | Found a staircase to the Ecumenical Temple.
  4116 | D:6      | Found Ymmes's Magic Scroll Shop.
  4127 | D:6      | 4127 ||| BUYING scroll of enchant armour (90 gold).
  4127 | D:6      | Bought a scroll of enchant armour for 90 gold pieces
  4127 | D:6      | 4127 ||| BUYING scroll of identify (24 gold).
  4127 | D:6      | Bought a scroll of identify for 24 gold pieces
  4127 | D:6      | 4127 ||| BUYING scroll of identify (24 gold).
  4127 | D:6      | Bought a scroll of identify for 24 gold pieces
  4127 | D:6      | 4127 ||| READING scroll of enchant armour.
  4127 | D:6      | 4127 ||| ENCHANTING +0 robe of fire resistance.
  4275 | D:6      | Reached skill level 9 in Ranged Weapons
  4292 | D:6      | Found an iron altar of Okawaru.
  4372 | D:6      | Reached skill level 9 in Dodging
  4589 | D:6      | Found a shimmering altar of Xom.
  4589 | D:6      | Found a hide-covered altar of Uskayaw.
  4589 | D:6      | Found a burning altar of Makhleb.
  4687 | D:6      | Found a glowing drain.
  4688 | D:6      | 4688 ||| RIP SEWER
  4688 | D:6      | 4688 ||| PLANNING OKAWARU WORSHIP
  4688 | D:6      | 4688 ||| READING 3 scrolls of identify.
  4688 | D:6      | 4688 ||| IDENTIFYING fizzy inky potion
  4689 | D:6      | 4689 ||| DROPPING potion of lignification.
  4731 | D:6      | Became a worshipper of Warmaster Okawaru
  4732 | D:6      | 4732 ||| PLANNING D:1-11
  5167 | D:7      | Reached XP level 9. HP: 44/44 MP: 10/10
  5270 | D:7      | Found Taerips's Jewellery Emporium.
  5278 | D:7      | 5278 ||| BUYING amulet of guardian spirit (330 gold).
  5278 | D:7      | Bought an amulet of guardian spirit for 330 gold pieces
  5278 | D:7      | 5278 ||| SHOPLISTING ring "Barer" {rC+ Will- AC+4 Str+8}
                  | (688 gold, have 17).
  5278 | D:7      | 5278 ||| SHOPLISTING ring of Joy {Fly Dex+5} (385 gold,
                  | have 17).
  5278 | D:7      | 5278 ||| SHOPLISTING ring of ice (275 gold, have 17).
  5278 | D:7      | 5278 ||| SHOPLISTING ring of poison resistance (220 gold,
                  | have 17).
  5278 | D:7      | 5278 ||| SHOPLISTING ring of protection from cold (275
                  | gold, have 17).
  5278 | D:7      | 5278 ||| SHOPLISTING ring of resist corrosion (220 gold,
                  | have 17).
  5278 | D:7      | 5278 ||| SHOPLISTING ring of willpower (275 gold, have 17).
  5325 | D:7      | Noticed Maggie
  5326 | D:7      | 5326 ||| DRINKING potion of haste.
  5329 | D:7      | Killed Maggie
  5439 | D:7      | Reached skill level 10 in Dodging
  5571 | D:7      | 5571 ||| UPGRADING to +1 steam dragon scales.
  5581 | D:7      | 5581 ||| DROPPING ring of flight.
  5582 | D:7      | 5582 ||| UPGRADING to ring of willpower.
  5584 | D:7      | 5584 ||| READING 3 scrolls of identify.
  5584 | D:7      | 5584 ||| IDENTIFYING bubbling puce potion
  5585 | D:7      | 5585 ||| READING 2 scrolls of identify.
  5585 | D:7      | 5585 ||| IDENTIFYING 2 puce potions
  5586 | D:7      | 5586 ||| READING scroll of identify.
  5586 | D:7      | 5586 ||| IDENTIFYING scroll labelled XEUQ YJIONG
  5587 | D:7      | 5587 ||| DROPPING scroll of vulnerability.
  5588 | D:7      | 5588 ||| DROPPING potion of degeneration.
  5668 | D:8      | 5668 ||| READING scroll of enchant weapon.
  5668 | D:8      | 5668 ||| ENCHANTING +0 heavy orcbow.
  5680 | D:8      | 5680 ||| RETREEEEATING.
  5681 | D:8      | 5681 ||| RETREEEEATING.
  5682 | D:8      | 5682 ||| RETREEEEATING.
  5683 | D:8      | 5683 ||| RETREEEEATING.
  5684 | D:8      | 5684 ||| RETREEEEATING.
  5685 | D:8      | 5685 ||| RETREEEEATING.
  5686 | D:8      | 5686 ||| RETREEEEATING.
  5687 | D:8      | 5687 ||| RETREEEEATING.
  5689 | D:8      | Reached skill level 1 in Armour
  5780 | D:8      | Reached * piety under Okawaru
  5829 | D:8      | Reached skill level 1 in Invocations
  5891 | D:8      | Reached skill level 11 in Dodging
  5894 | D:8      | 5894 ||| RETREEEEATING.
  5895 | D:8      | 5895 ||| RETREEEEATING.
  5896 | D:8      | 5896 ||| RETREEEEATING.
  5897 | D:8      | 5897 ||| RETREEEEATING.
  5898 | D:8      | 5898 ||| RETREEEEATING.
  5899 | D:8      | 5899 ||| RETREEEEATING.
  5900 | D:8      | 5900 ||| RETREEEEATING.
  5934 | D:8      | Reached skill level 3 in Invocations
  5957 | D:8      | Reached ** piety under Okawaru
  6064 | D:8      | 6064 ||| READING scroll of enchant armour.
  6064 | D:8      | 6064 ||| ENCHANTING +1 steam dragon scales.
  6210 | D:8      | 6210 ||| READING 3 scrolls of identify.
  6210 | D:8      | 6210 ||| IDENTIFYING orange potion
  6211 | D:8      | 6211 ||| READING 2 scrolls of identify.
  6211 | D:8      | 6211 ||| IDENTIFYING silvery potion
  6212 | D:8      | 6212 ||| READING scroll of identify.
  6212 | D:8      | 6212 ||| IDENTIFYING murky sapphire potion
  6213 | D:8      | 6213 ||| DROPPING potion of invisibility.
  6249 | D:9      | 6249 ||| RETREEEEATING.
  6250 | D:9      | Paralysed by a hornet for 3 turns
  6253 | D:9      | 6253 ||| INVOKING Heroism.
  6255 | D:9      | 6255 ||| FLEEEEING.
  6257 | D:9      | Reached XP level 10. HP: 16/50 MP: 10/14
  6494 | D:9      | HP: 6/50 [killer bee (7)]
  6495 | D:9      | 6495 ||| READING scroll of teleportation.
  6496 | D:9      | 6496 ||| DRINKING potion of heal wounds.
  6661 | D:9      | 6661 ||| INVOKING Heroism.
  6664 | D:9      | HP: 12/50 [poisoned by a kobold brigand (curare-tipped
                  | dart)]
  6664 | D:9      | HP: 4/50 [kobold brigand/+4 short sword (8)]
  6666 | D:9      | HP: 1/50 [poisoned by a kobold brigand (curare-tipped
                  | dart)]
  6667 | D:9      | 6667 ||| DRINKING 3 potions of curing.
  6667 | D:9      | 6667 ||| (to cure poison)
  6814 | D:9      | 6814 ||| RETREEEEATING.
  6824 | D:9      | Reached *** piety under Okawaru
  6825 | D:9      | Reached skill level 12 in Dodging
  6900 | D:9      | Noticed a two-headed ogre
  6901 | D:9      | 6901 ||| INVOKING Heroism.
  6904 | D:9      | Killed a two-headed ogre
  7156 | D:9      | Found a shimmering blue altar of Sif Muna.
  7285 | D:10     | Entered Level 10 of the Dungeon
  7302 | D:10     | Noticed a two-headed ogre
  7303 | D:10     | 7303 ||| INVOKING Heroism.
  7306 | D:10     | Killed a two-headed ogre
  7307 | D:10     | Reached skill level 12 in Ranged Weapons
  7457 | D:10     | 7457 ||| RETREEEEATING.
  7461 | D:10     | 7461 ||| INVOKING Heroism.
  7467 | D:10     | Reached skill level 13 in Dodging
  7468 | D:10     | Reached **** piety under Okawaru
  7599 | D:10     | Noticed a cyclops
  7600 | D:10     | 7600 ||| INVOKING Finesse.
  7604 | D:10     | Killed a cyclops
  7605 | D:10     | Reached XP level 11. HP: 55/55 MP: 9/15
  8333 | D:10     | 8333 ||| DROPPING ring of wizardry.
  8334 | D:10     | 8334 ||| READING scroll labelled QEUPPO DORHUI.
  8357 | D:11     | 8357 ||| RETREEEEATING.
  8359 | D:11     | 8359 ||| RETREEEEATING.
  8361 | D:11     | 8361 ||| RETREEEEATING.
  8364 | D:11     | 8364 ||| RETREEEEATING.
  8366 | D:11     | 8366 ||| RETREEEEATING.
  8369 | D:11     | 8369 ||| STAIRDANCE
  8375 | D:11     | 8375 ||| STAIRDANCE
  8456 | D:11     | 8456 ||| STAIRDANCE
  8498 | D:11     | Reached ***** piety under Okawaru
  8523 | D:11     | HP: 4/55 [electric eel/bolt of electricity (10)]
  8524 | D:11     | 8524 ||| READING scroll of teleportation.
  8524 | D:11     | Killed from afar by an electric eel

Levels and vault maps discovered:
D:1:      heliophobic_arrival_battle_scene, layout_basic, serial_shops, shop,
          serial_bayou_pond_d
D:2:      layout_rooms, minmay_ruptured
D:3:      layout_basic, shapermc_ecumenical_altar_totnotflames,
          lemuel_flame_loot_1, uniq_sigmund, uniq_jessica,
          uniq_crazy_yiuf_cottage
D:4:      layout_basic, trog_wizard, uniq_robin
D:5:      layout_basic, lemuel_coloured_pillars_altar, serial_shops, shop_coins,
          uniq_menkaure
D:6:      layout_basic, nicolae_overflow_crystal_walls,
          gammafunk_temple_overflow_claw, minmay_temple_entry_ruins,
          portal_sewer_entry_d, serial_shops, shop_fountains
D:7:      minmay_evil_eye, layout_gridville, serial_shops,
          nicolae_shop_tiny_waterfront, uniq_maggie
D:8:      layout_basic
D:9:      layout_cave_pools, kennysheep_orc_sif_temple, minivault_16
D:10:     layout_layer_cave
D:11:     layout_basic, erik_lair_island, uniq_grum, uniq_sonja

Skill      XL: |  1  2  3  4  5  6  7  8  9 10 11 |
---------------+----------------------------------+-----
Dodging        | 3 4 5 6 7 9 11 13 | 13.1
Ranged Weapons | 5 6 8 10 12 | 12.7
Fighting       | 2 3 4 5 |  5.0
Armour         | 1 |  1.0
Invocations    | 4 5 |  5.7
Stealth        | |  1.5

Action                     |  1- 3 |  4- 6 |  7- 9 | 10-12 || total
---------------------------+-------+-------+-------+-------++-------
   Fire: Shortbow          |    97 |   113 |   154 |       ||   364
         Orcbow            |       |       |   176 |   198 ||   374
 Invoke: Heroism           |       |       |     1 |     4 ||     5
         Finesse           |       |       |       |     1 ||     1
    Use: Scroll            |     7 |     5 |    15 |     3 ||    30
         Potion            |     1 |     1 |     1 |     2 ||     5
 Armour: Robe              |     6 |    17 |    38 |       ||    61
         Steam dragon scal |       |       |    22 |    48 ||    70
  Dodge: Dodged            |    24 |    56 |   207 |   185 ||   472

Table legend:
 A = Non-vault XP
 B = Vault XP
 C = Vault XP percentage of total XP
 D = Non-vault monster count
 E = Vault monster count
 F = Vault count percentage of total count
                 A         B        C        D         E       F
            +---------+---------+-------+---------+---------+-------
      Total |   12838 |    1065 |   7.7 |     207 |      18 |   8.0
            +---------+---------+-------+---------+---------+-------
        D:1 |      52 |       0 |   0.0 |      30 |       0 |   0.0
        D:2 |      32 |      16 |  33.3 |      13 |       3 |  18.8
        D:3 |     197 |     268 |  57.6 |      19 |       2 |   9.5
        D:4 |     601 |      27 |   4.3 |      24 |       7 |  22.6
        D:5 |     430 |     169 |  28.2 |      10 |       1 |   9.1
        D:6 |     638 |      14 |   2.1 |      15 |       1 |   6.2
        D:7 |     641 |     376 |  37.0 |       7 |       1 |  12.5
        D:8 |    1692 |       0 |   0.0 |      31 |       0 |   0.0
        D:9 |    2756 |     195 |   6.6 |      25 |       3 |  10.7
       D:10 |    4786 |       0 |   0.0 |      29 |       0 |   0.0
       D:11 |    1013 |       0 |   0.0 |       4 |       0 |   0.0
            +---------+---------+-------+---------+---------+-------
